 Dungeon Crawl Stone Soup version 0.31-a0-1522-g43313d8a59 (webtiles) character file.

Game seed: 16433358849057869960

309 Ofeo the Trooper (level 6, -1/62 HPs)
             Began as an Oni Shapeshifter on Dec 31, 2023.
             Slain by an iguana (6 damage)
             ... on level 4 of the Dungeon.
             The game lasted 00:03:19 (3123 turns).

Ofeo the Trooper (Oni Shapeshifter)                 Turns: 3123, Time: 00:03:19

Health: -1/62      AC:  7    Str: 19    XL:     6   Next: 41%
Magic:  6/6        EV: 10    Int: 11    God:
Gold:   139        SH:  0    Dex: 10    Spells: 5/5 levels left

rFire   . .          .
                       - Unarmed
rCold   . . .        (no shield)
rNeg    . . .        a - +0 animal skin
rPois   .            (helmet currently unavailable)
rElec   .            (cloak currently unavailable)
rCorr   .            (gloves unavailable)
SInv    .            (boots unavailable)
Will    .....        (no amulet)
Stlth   +            f - +4 ring of protection
HPRegen 0.30/turn    (no ring)
MPRegen 0.10/turn

%: no passive effects
@: mighty, beast-form
A: beast (slay +2), large, unfitting armour, horns 1, tough skin 1, double
potion healing, drunken brawling
a: Begin Untransformation


You were on level 4 of the Dungeon.
You were a hulking beast.
You visited 1 branch of the dungeon, and saw 4 of its levels.

You collected 139 gold pieces.

Inventory:

Armour
 a - a +0 animal skin (worn)
Jewellery
 f - a +4 ring of protection (left hand)
 n - an amulet of regeneration
Talismans
 c - a beast talisman
 d - a flux talisman
Wands
 b - a wand of flame (18)
Scrolls
 h - a scroll of blinking {@r4}
 j - 2 scrolls of teleportation {@r3}
 m - a scroll of revelation
 o - a scroll of immolation
Potions
 g - a potion of enlightenment {unknown}
 i - a potion of mutation {unknown}
 l - 3 potions of lignification
 p - 3 potions of curing {unknown}
 q - a potion of heal wounds {unknown}


   Skills:
 + Level 4.2 Fighting
 + Level 3.3 Dodging
 + Level 3.8 Unarmed Combat
 + Level 4.1 Shapeshifting


You had 5 spell levels left.
You didn't know any spells.
Your spell library contained the following spells:

 Spells                   Type           Power      Damage    Failure   Level
 Dazzling Flash           Conj/Hex       0%         N/A       71%         3
 Volatile Blastmotes      Fire/Tloc      0%         2d10      71%         3
 Starburst                Conj/Fire      0%         6d3       100%        6
 Maxwell's Capacitive Co  Air            0%         ∞         100%        8


Dungeon Overview and Level Annotations

Branches:
Dungeon (4/15)
 Temple: D:4-7

Altars:
Makhleb

Portals:
Abyss: D:3

Annotations:
D:3 2 transporters, hikkokomori's ghost, weakling DECj


Innate Abilities, Weirdness & Mutations

You are a hulking beast.
Your limbs bulge with bestial killing power. (Slay +2)
You are too large for most types of armour.
You have a pair of small horns on your head.
You have tough skin. (AC +1)
You gain doubled healing and magic from potions.
Whenever you drink a healing potion, you attack all around you.


Message History

You take 5 damage, and have 36/62 hp.
You are too injured to fight recklessly!
You are too injured to fight recklessly!
You are too injured to fight recklessly!
There are monsters nearby!
There are monsters nearby!
You are too injured to fight recklessly!
You are too injured to fight recklessly!
You hit the iguana but do no damage. The bullfrog hits you.
The iguana barely misses you. The bullfrog hits you.
You take 5 damage, and have 31/62 hp.
You closely miss the iguana. The bullfrog hits you. The iguana bites you.
You take 7 damage, and have 24/62 hp.
You hit the iguana. You headbutt the iguana.
The iguana is moderately wounded.
The bullfrog hits you.
* * * LOW HITPOINT WARNING * * *
The iguana barely misses you.
You take 6 damage, and have 18/62 hp.
The bullfrog attacks as it pursues you! The bullfrog closely misses you.
The bullfrog hits you.
* * * LOW HITPOINT WARNING * * *
The iguana attacks as it pursues you! The iguana barely misses you.
You take 5 damage, and have 13/62 hp.
You closely miss the bullfrog.
The bullfrog is severely wounded.
The bullfrog barely misses you. The iguana closely misses you.
You take a swig of the potion and flex your muscles.
You punch the bullfrog!
You kill the bullfrog!
You hit the iguana.
The iguana is severely wounded.
It was a potion of magic.
Magic courses through your body. The iguana bites you!
* * * LOW HITPOINT WARNING * * *
You take 9 damage, and have 5/62 hp.
It was a potion of might.
You feel very mighty all of a sudden. The iguana bites you.
You die...

### ####.# #....#
#####)##.# .......#.#
### .####..#.########
.. #####..#........# .#
..)....#........##.#
.#####.#........h†.##.#
.................l..>.#
#####...........####..#
...............## ..#
.....#.........# .
.#####.........#
#.........# #######.###
#.....#


You could see an iguana.

Vanquished Creatures
  A phantom (D:4)
  A bullfrog (D:4)
  Jessica (D:3)
  Natasha (D:2)
  Robin (D:2)
  2 adders (D:3)
  3 dart slugs
  An orc (D:3)
  6 endoplasms
  3 giant cockroaches
  12 goblins
  10 hobgoblins
  11 jackals
  3 kobolds
  5 quokkas
  10 ball pythons
  4 bats
  6 frilled lizards
  A rat (D:1)
82 creatures vanquished.

Notes
Turn   | Place    | Note
-------+----------+-------------------------------------------
     0 | D:1      | Ofeo the Oni Shapeshifter began the quest for the Orb.
     0 | D:1      | Reached XP level 1. HP: 19/19 MP: 1/1
   108 | D:1      | Reached XP level 2. HP: 25/28 MP: 2/2
   233 | D:1      | Found a faded altar of an unknown god.
   504 | D:1      | Reached XP level 3. HP: 35/35 MP: 3/3
  1291 | D:2      | Noticed Robin
  1302 | D:2      | Reached XP level 4. HP: 43/44 MP: 4/4
  1314 | D:2      | Killed Robin
  1436 | D:2      | Found a burning altar of Makhleb.
  1629 | D:2      | Noticed Natasha
  1636 | D:2      | Killed Natasha
  1980 | D:3      | Reached XP level 5. HP: 53/53 MP: 5/5
  2071 | D:3      | Noticed hikkokomori's ghost (weakling DECj)
  2085 | D:3      | Found a one-way gate to the infinite horrors of the Abyss.
  2132 | D:3      | Found a transporter.
  2240 | D:3      | Found a transporter.
  2764 | D:3      | Noticed Jessica
  2768 | D:3      | Killed Jessica
  3058 | D:4      | Noticed a phantom
  3072 | D:4      | Killed a phantom
  3073 | D:4      | Reached XP level 6. HP: 56/62 MP: 6/6
  3123 | D:4      | Slain by an iguana

Illustrated notes

Levels and vault maps discovered:
D:1:      tarquinn_simple_flora_water_f, layout_loops_cross,
          shapermc_ecumenical_altar_pompeii, minivault_14
D:2:      kennysheep_big_flooded_room, layout_basic, basic_altar, uniq_natasha,
          uniq_robin
D:3:      layout_basic, gammafunk_ghost_abyssal_escape, minmay_crystal_room,
          chequers_mini_garden, uniq_jessica
D:4:      layout_basic, nicolae_qazlal_scattered_showers, bloody_makhleb,
          minmay_manual_mandibuliform

Skill      XL: |  1  2  3  4  5 |
---------------+----------------+-----
Dodging        | 2 3 |  3.3
Fighting       | 2 3 4 |  4.2
Unarmed Combat | 3 |  3.8
Shapeshifting  | 4 |  4.1

Action                     |  1- 3 |  4- 6 || total
---------------------------+-------+-------++-------
  Melee: Unarmed           |   109 |   129 ||   238
         Headbutt          |    10 |    13 ||    23
    Use: Scroll            |       |     7 ||     7
         Potion            |       |     2 ||     2
   Stab: Sleeping          |     1 |       ||     1
 Armour: Animal skin       |    70 |   107 ||   177
  Dodge: Dodged            |    57 |    96 ||   153

Table legend: (Time is in decaauts)
 A = Elapsed time spent in this place.
 B = Non-inter-level travel time spent in this place.
 C = Inter-level travel time spent in this place.
 D = Time resting spent in this place.
 E = Time spent auto-exploring this place.
 F = Levels seen in this place.
 G = Mean time per level.
                   A        B        C        D        E       F      G
               +--------+--------+--------+--------+--------+-----+--------+
         Total |   3108 |   2991 |    117 |    189 |   2221 |   4 |  777.0 |
       Dungeon |   3108 |   2991 |    117 |    189 |   2221 |   4 |  777.0 |
               +--------+--------+--------+--------+--------+-----+--------+

Top non-repeatable levels by time:
     D:3: 1094 daAuts
     D:2: 1046 daAuts
     D:1: 838 daAuts
     D:4: 128 daAuts
